 Dungeon Crawl Stone Soup version 0.29.1-1-gd02db69 (webtiles) character file.

Game seed: 11837348253440504705

7 Timinator the Insei (level 1, -1/16 HPs)
             Began as a Demigod Transmuter on Dec 19, 2022.
             Slain by a hobgoblin (2 damage)
             ... on level 1 of the Dungeon.
             The game lasted 00:00:22 (36 turns).

Timinator the Insei (Demigod Transmuter)              Turns: 36, Time: 00:00:22

Health: -1/16      AC:  2    Str: 11    XL:     1   Next: 66%
Magic:  4/5        EV: 12    Int: 15    God:
Gold:   11         SH:  0    Dex: 14    Spells: 2/3 levels left

rFire   . . .      SeeInvis .     - Unarmed
rCold   . . .      Faith    .   (no shield)
rNeg    . . .      Spirit   .   a - +0 robe
rPois   .          Reflect  .   (helmet currently unavailable)
rElec   .          Harm     .   (no cloak)
rCorr   .          Rampage  .   (no gloves)
Will    .....                   (boots currently unavailable)
Stlth   +.........              (no amulet)
HPRegen 0.05/turn               (no ring)
MPRegen 0.09/turn               (no ring)

@: appendages (expiring)
A: horns 2, talons 2, high MP 1, forlorn, divine attributes
a: End Transformation


You were on level 1 of the Dungeon.
You had temporarily grown beastly horns and talons.
You visited 1 branch of the dungeon, and saw 1 of its levels.

You collected 11 gold pieces.

Inventory:

Armour
 a - a +0 robe (worn)
Potions
 b - a potion of lignification


   Skills:
 * Level 1.0 Fighting
 * Level 0.3 Armour
 * Level 1.9 Dodging
 + Level 2.8 Unarmed Combat
 + Level 1.8 Spellcasting
 * Level 1.8 Transmutations


You had 2 spell levels left.
You knew the following spells:

 Your Spells              Type           Power      Damage    Failure   Level
a - Beastly Appendage     Tmut           14%        N/A       11%         1

Your spell library contained the following spells:

 Spells                   Type           Power      Damage    Failure   Level
 Wereblood                Tmut           7%         N/A       16%         2
 Spider Form              Tmut/Pois      4%         N/A       43%         3
 Ice Form                 Ice/Tmut       4%         N/A       83%         4


Dungeon Overview and Level Annotations

Branches:
Dungeon (1/15)


Innate Abilities, Weirdness & Mutations

You have temporarily grown beastly horns and talons.
You have an increased reservoir of magic. (+10% MP)
You shall have no god before yourself.
Your divine heritage dramatically boosts your attributes as you level up.


Message History

Moving in this stuff is going to be slow.
The kobold barely misses you.
The rat twitches its whiskers.
Your horns disappear.
Your talons disappear.
The kobold hits you with a +0 short sword.
You see here a dart slug corpse.
You hit the kobold but do no damage. The kobold barely misses you.
The hobgoblin hits you.
You barely miss the kobold. The kobold barely misses you.
The hobgoblin closely misses you.
The rat splashes around in the water.
The kobold hits you with a +0 short sword.
The rat attacks as you move away! The rat bites you.
You see here a rat corpse.
Casting: Beastly Appendage (safe; 11% risk of failure)
Confirm with . or Enter, or press ? or * to list all spells.
You grow a pair of large bovine horns.
Your feet morph into talons.
The kobold hits you with a +0 short sword.
* * * LOW HITPOINT WARNING * * *
You hit the rat.
The rat is heavily wounded.
The kobold misses you. The rat closely misses you.
You closely miss the rat. Your headbutt misses the rat.
The rat is heavily wounded.
The kobold hits you with a +0 short sword.
* * * LOW HITPOINT WARNING * * *
The rat bites you but does no damage.
You barely miss the rat. You claw the rat.
You kill the rat!
The kobold hits you with a +0 short sword.
* * * LOW HITPOINT WARNING * * *
You hit the kobold.
You kill the kobold!
You hit the hobgoblin. Your kick misses the hobgoblin.
The hobgoblin is lightly wounded.
Your transformation is almost over.
The hobgoblin misses you.
You barely miss the hobgoblin.
The hobgoblin is lightly wounded.
The hobgoblin hits you.
You die...

♣♣....⌠...⌠.#
♣♣.....)...[.#.
...............P~~~P..
.....#..#####.P~~~.~P.#
...#.##..# ..~P~~~♣.#
.. # ##.# #.~~~~~~P# .
#.## #P~~~≈~..#
#..####.~.~≈~~.#
##..@#...~~~~..#
###†g.†~~~~P~♣
##...~P~.P~..
###..P.~.♣.. ##..P♣.#
###.# # ... .... .###


You could see a hobgoblin.

Vanquished Creatures
  A dart slug (D:1)
  A giant cockroach (D:1)
  A kobold (D:1)
  2 rats (D:1)
5 creatures vanquished.

Notes
Turn   | Place    | Note
-------+----------+-------------------------------------------
     0 | D:1      | Timinator the Demigod Transmuter began the quest for the
                  | Orb.
     0 | D:1      | Reached XP level 1. HP: 15/15 MP: 5/5
    22 | D:1      | Reached skill level 1 in Fighting
    36 | D:1      | Slain by a hobgoblin

Illustrated notes

Levels and vault maps discovered:
D:1:      scummos_arrival_simple_fountains, layout_basic, serial_bayou,
          serial_bayou_pond_b, serial_bayou_lagoon_a, serial_bayou_pond_b,
          serial_bayou_crossing, basic_ecumenical_altar, minmay_misc_feat_alley,
          nrook_campfire, dk_noncrumbling_3

Skill      XL: |  1 |
---------------+----+-----
Fighting       | 1 |  1.0
Armour         | |  0.3
Dodging        | |  1.9
Unarmed Combat | |  2.8
Spellcasting   | |  1.8
Transmutations | |  1.8

Action                   || total
-------------------------++-------
Melee: Unarmed           ||    14
       Headbutt          ||     3
       Kick              ||     2
 Cast: Beastly Appendage ||     2
Armor: Robe              ||     2
Dodge: Dodged            ||    10
